 Dungeon Crawl Stone Soup version 0.18.1-6-gd335043 (webtiles) character file.

30 Hipnos the Grasshopper (level 3, -8/18 HPs)
             Began as a Spriggan Warper on May 15, 2016.
             Mangled by Crazy Yiuf
             ... wielding a +4 quarterstaff of chaos
              (13 damage)
             ... on level 2 of the Dungeon on May 16, 2016.
             The game lasted 00:04:01 (1080 turns).

Hipnos the Grasshopper (Spriggan Warper)            Turns: 1080, Time: 00:04:02

Health: -8/18      AC:  2    Str:  7    XL:     3   Next: 3%
Magic:  5/8        EV: 19    Int: 15    God:
Gold:   40         SH:  0    Dex: 15    Spells: 3 memorised, 2 levels left

rFire  . . .     SeeInvis +     a - +0 short sword
rCold  . . .     Gourm    .     b - +0 robe
rNeg   . . .     Faith    .     (shield restricted)
rPois  .         Spirit   .     (helmet restricted)
rElec  .         Dismiss  .     (no cloak)
rCorr  .         Reflect  .     (gloves unavailable)
SustAt .         Harm     .     (boots unavailable)
MR     +....                    (no amulet)
Stlth  ++........               (no ring)
                                k - ring of protection from magic

@: very quick, somewhat resistant to hostile enchantments, unstealthy
A: unfitting armour, see invisible, herbivore 3, speed 3, slow metabolism 2
a: no special abilities


You were on level 2 of the Dungeon.
You were not hungry.

You visited 1 branch of the dungeon, and saw 2 of its levels.

You collected 40 gold pieces.

Inventory:

Hand Weapons
 a - a +0 short sword (weapon)
Missiles
 e - 5 tomahawks of dispersal (quivered)
 j - 6 tomahawks
Armour
 b - a +0 robe (worn)
Jewellery
 k - a ring of protection from magic (left hand)
 m - an uncursed amulet of magic regeneration {unknown}
Scrolls
 d - a scroll of blinking
 g - 2 scrolls of identify {unknown}
 h - a scroll of remove curse {unknown}
Potions
 i - a potion of curing {unknown}
Books
 c - a book of Spatial Translocations

   Spells                             Type                      Level
   a - Apportation                    Translocation                1
   b - Blink                          Translocation                2
   c - Shroud of Golubria             Charms/Translocation         2
   d - Portal Projectile              Translocation                3
   e - Teleport Other                 Translocation                3
   f - Passage of Golubria            Translocation                4
Comestibles
 f - a bread ration
 l - 5 fruits


   Skills:
 + Level 1.7 Fighting
 + Level 2.3 Short Blades
 - Level 1.0 Throwing
 + Level 4.4 Dodging
 * Level 1.9 Stealth
 + Level 2.7 Spellcasting
 + Level 4.8 Translocations


You had 2 spell levels left.
You knew the following spells:

 Your Spells              Type           Power        Failure   Level  Hunger
a - Apportation           Tloc           ###.......   2%          1    #......
b - Blink                 Tloc           N/A          4%          2    ##.....
c - Shroud of Golubria    Chrm/Tloc      #.........   12%         2    ##.....


Dungeon Overview and Level Annotations

Branches:
Dungeon (2/15)

Altars:

Annotations:
D:2 Crazy Yiuf


Innate Abilities, Weirdness & Mutations

You are tiny and cannot use many weapons and most armour.
You have supernaturally acute eyesight.
You are a herbivore.
You cover ground extremely quickly.
You need consume almost no food.


Message History

You hit Crazy Yiuf.
Crazy Yiuf is lightly wounded.
Crazy Yiuf says, "Ghoul!
Tonal return to song illywillydillykilly."
Crazy Yiuf hits you with a quarterstaff of chaos!
Ouch! That really hurt!
* * * LOW HITPOINT WARNING * * *
Your shroud falls apart!
Crazy Yiuf draws strength from your injuries!
Casting: Shroud of Golubria
Confirm with . or Enter, or press ? or * to list all spells.
Space distorts slightly along a thin shroud covering your body.
You hit the fungus.
The fungus is lightly damaged.
Crazy Yiuf completely misses you.
You closely miss Crazy Yiuf.
Your shroud begins to fray at the edges.
You hit Crazy Yiuf but do no damage.
Crazy Yiuf hits you with a quarterstaff of chaos!
Ouch! That really hurt!
You die...

#### ## .... .# ########(#
####♣♣ #### .......#.# ##...P♣
♣♣#..)#
###...<#.####....P♣♣♣♣♣.....#
#....#.#...'..@PP.♣g.♣#...#
##..#÷#.#.###)..g.♣.♣♣♣ ####
#.......#.# #.##♣♣♣♣♣
##..#...#.# ###
###..#...#.###################
.................[.'...'....>#
###........#########...##.##.#
...[...%.##### #...#
...###......(# #...#


You could see Crazy Yiuf.

Vanquished Creatures
  An adder (D:2)
  A dart slug (D:1)
  A giant gecko (D:1)
  A bat (D:2)
  2 goblins (D:1)
  3 hobgoblins
  2 giant newts (D:1)
  2 kobolds (D:1)
  6 rats (D:1)
  A fungus (D:2)
20 creatures vanquished.

Notes
Turn   | Place    | Note
--------------------------------------------------------------
     0 | D:1      | Hipnos the Spriggan Warper began the quest for the Orb.
     0 | D:1      | Reached XP level 1. HP: 10/10 MP: 5/5
   357 | D:1      | Reached XP level 2. HP: 9/14 MP: 6/6
   751 | D:2      | Learned a level 2 spell: Blink
   767 | D:2      | Reached skill level 1 in Stealth
   767 | D:2      | Reached XP level 3. HP: 11/18 MP: 8/8
  1024 | D:2      | Learned a level 2 spell: Shroud of Golubria
  1058 | D:2      | Noticed Crazy Yiuf
  1080 | D:2      | Mangled by Crazy Yiuf

Skill      XL: |  1  2 |
---------------+-------+-----
Dodging        | 4 |  4.4
Stealth        | 1 |  1.9
Fighting       | |  1.7
Short Blades   | |  2.3
Throwing       | |  1.0
Spellcasting   | |  2.7
Translocations | |  4.8

Action                   || total
-------------------------++-------
Melee: Short sword       ||   106
 Cast: Shroud of Golubri ||     2
 Stab: Sleeping          ||     1
Armor: Robe              ||     8
Dodge: Dodged            ||    63
